TOP OF THE 1ST |
Tri-City ValleyCats batting - Pitching for Minnesota (NYP) Twins : RHP Dean Huch
|
Pitching: RHP Dean Huch
|
|
Batting: RHB Justin Olmstead
|
0-0: Swinging Strike 0-1: Ball 1-1: Foul Ball, location: 2F 1-2: Fly out, F9 (Line Drive, 9D, EV 90.0 MPH)
|
Batting: RHB Jorge Gutierrez
|
0-0: Fly out, F9 (Flyball, 9, EV 73.1 MPH)
|
Batting: RHB Raul Sanchez
|
0-0: Ball 1-0: Ball 2-0: Called Strike 2-1: Foul Ball, location: 2F 2-2: Ball 3-2: Ground out 5-3 (Groundball, 56, EV 83.8 MPH)
|
Top of the 1st over - 0 runs, 0 hits, 0 errors, 0 left on base; Tri-City 0 - Minnesota (NYP) 0 |
BOTTOM OF THE 1ST |
Minnesota (NYP) Twins batting - Pitching for Tri-City ValleyCats : RHP Adam Behrens
|
Pitching: RHP Adam Behrens
|
|
Batting: LHB Chris Munguia
|
0-0: Ball 1-0: Ball 2-0: Called Strike 2-1: Ball 3-1: Base on Balls
|
Batting: RHB Michael McDonald
|
0-0: Foul Ball, location: 2F 0-1: Fly out, F3 (Popup, 3, EV 72.5 MPH)
|
Batting: RHB Jose Nunez
|
0-0: Ball Chris Munguia steals 2nd base (no throw) 1-0: Ball Chris Munguia steals 3rd base (no throw) 2-0: Ball 3-0: Called Strike 3-1: Base on Balls
|
Batting: RHB Sean Gould
|
0-0: Ball 1-0: SINGLE (Line Drive, 6MD, EV 94.4 MPH) Chris Munguia scores Jose Nunez to second
|
Batting: LHB Seung-jun Chang
|
0-0: Ball 1-0: Reached on error, E6 (Flyball, 56D, EV 80.0 MPH) Jose Nunez to third Sean Gould to second
|
Batting: RHB Tony Crespo
|
0-0: Ball 1-0: Ball 2-0: Called Strike 2-1: Ball 3-1: SINGLE (Groundball, 5S, EV 70.0 MPH) (infield hit) Jose Nunez scores Sean Gould to third Seung-jun Chang to second
|
Batting: RHB Kelly Watson
|
0-0: DOUBLE (Line Drive, 9LM, EV 107.5 MPH) Sean Gould scores Seung-jun Chang scores Tony Crespo to third
|
Batting: RHB Alex Loaiza
|
0-0: Called Strike 0-1: Called Strike 0-2: Ball Wild Pitch! Tony Crespo scores Kelly Watson to third 1-2: Foul Ball, location: 2F 1-2: Strikes out swinging
|
Batting: RHB Ruben Torres
|
0-0: Ball 1-0: Called Strike 1-1: Ground out 4-3 (Groundball, 4M, EV 79.4 MPH)
|
Bottom of the 1st over - 5 runs, 3 hits, 1 error, 1 left on base; Tri-City 0 - Minnesota (NYP) 5 |
TOP OF THE 2ND |
Tri-City ValleyCats batting - Pitching for Minnesota (NYP) Twins : RHP Dean Huch
|
Batting: RHB Jordan Williams
|
0-0: Called Strike 0-1: Swinging Strike 0-2: Ball 1-2: Strikes out swinging
|
Batting: RHB Ramon Castellon
|
0-0: Called Strike 0-1: Swinging Strike 0-2: Ground out 5-3 (Groundball, 56S, EV 89.4 MPH)
|
Batting: RHB Evan Fry
|
0-0: Swinging Strike 0-1: Ground out 4-3 (Groundball, 4, EV 80.0 MPH)
|
Top of the 2nd over - 0 runs, 0 hits, 0 errors, 0 left on base; Tri-City 0 - Minnesota (NYP) 5 |
BOTTOM OF THE 2ND |
Minnesota (NYP) Twins batting - Pitching for Tri-City ValleyCats : RHP Adam Behrens
|
Batting: LHB Chris Munguia
|
0-0: Ball 1-0: Ball 2-0: Called Strike 2-1: Foul Ball, location: 2F 2-2: Ball 3-2: Base on Balls
|
Batting: RHB Michael McDonald
|
0-0: Called Strike 0-1: Swinging Strike 0-2: Ball 1-2: Foul Ball, location: 2F 1-2: Ground out 4-3 (Groundball, 34, EV 86.9 MPH) Chris Munguia to second
|
Batting: RHB Jose Nunez
|
0-0: Ball 1-0: Ground out 4-3 (Groundball, 4M, EV 104.4 MPH) Chris Munguia to third
|
Batting: RHB Sean Gould
|
0-0: Ball 1-0: Foul Ball, location: 2F 1-1: Ball 2-1: Ball 3-1: Called Strike 3-2: Foul Ball, location: 2F 3-2: Foul Ball, location: 2F 3-2: Base on Balls
|
Batting: LHB Seung-jun Chang
|
Pickoff Throw to First - Error! E1 Chris Munguia scores Sean Gould to second 0-0: Swinging Strike 0-1: Called Strike 0-2: Ball 1-2: Strikes out swinging
|
Bottom of the 2nd over - 1 run, 0 hits, 1 error, 1 left on base; Tri-City 0 - Minnesota (NYP) 6 |
TOP OF THE 3RD |
Tri-City ValleyCats batting - Pitching for Minnesota (NYP) Twins : RHP Dean Huch
|
Batting: RHB Ruben Pujols
|
0-0: Called Strike 0-1: SINGLE (Line Drive, 4M, EV 98.8 MPH)
|
Batting: LHB Kyle Moore
|
0-0: Foul Ball, location: 2F 0-1: Fly out, F7 (Flyball, 7S, EV 96.3 MPH)
|
Batting: RHB Rob Baker
|
0-0: Called Strike 0-1: Ground out 5-3 (Groundball, 56, EV 103.8 MPH) Ruben Pujols to second
|
Batting: RHB Justin Olmstead
|
0-0: Foul Ball, location: 2F 0-1: Ground out U3 (Groundball, 3L, EV 108.8 MPH)
|
Top of the 3rd over - 0 runs, 1 hit, 0 errors, 1 left on base; Tri-City 0 - Minnesota (NYP) 6 |
BOTTOM OF THE 3RD |
Minnesota (NYP) Twins batting - Pitching for Tri-City ValleyCats : RHP Adam Behrens
|
Batting: RHB Tony Crespo
|
0-0: Ball 1-0: Foul Ball, location: 2F 1-1: Foul Ball, location: 2F 1-2: Ball 2-2: Fly out, F8 (Flyball, 8RS, EV 80.0 MPH)
|
Batting: RHB Kelly Watson
|
0-0: Ball 1-0: SINGLE (Line Drive, 34D, EV 94.4 MPH)
|
Batting: RHB Alex Loaiza
|
0-0: Ball 1-0: Fielders Choice at 2nd, 6-4 (Groundball, 6M, EV 102.5 MPH)
|
Batting: RHB Ruben Torres
|
0-0: Foul Ball, location: 2F 0-1: Ball 1-1: Ball 2-1: Called Strike 2-2: Strikes out swinging
|
Bottom of the 3rd over - 0 runs, 1 hit, 0 errors, 1 left on base; Tri-City 0 - Minnesota (NYP) 6 |
TOP OF THE 4TH |
Tri-City ValleyCats batting - Pitching for Minnesota (NYP) Twins : RHP Dean Huch
|
Batting: RHB Jorge Gutierrez
|
0-0: Ball 1-0: Ball 2-0: Foul Ball, location: 2F 2-1: Foul Ball, location: 2F 2-2: Ball 3-2: Strikes out swinging
|
Batting: RHB Raul Sanchez
|
0-0: Ball 1-0: Foul Ball, location: 2F 1-1: Called Strike 1-2: Ball 2-2: Foul Ball, location: 2F 2-2: Foul Ball, location: 2F 2-2: Ball 3-2: Foul Ball, location: 2F 3-2: Ground out 6-3 (Groundball, 6, EV 107.5 MPH)
|
Batting: RHB Jordan Williams
|
0-0: Ball 1-0: Ball 2-0: Called Strike 2-1: Ball 3-1: Foul Ball, location: 2F 3-2: Ground out 4-3 (Groundball, 4M, EV 88.1 MPH)
|
Top of the 4th over - 0 runs, 0 hits, 0 errors, 0 left on base; Tri-City 0 - Minnesota (NYP) 6 |
BOTTOM OF THE 4TH |
Minnesota (NYP) Twins batting - Pitching for Tri-City ValleyCats : RHP Adam Behrens
|
Batting: LHB Chris Munguia
|
0-0: Fly out, F8 (Line Drive, 8RM, EV 88.1 MPH)
|
Batting: RHB Michael McDonald
|
0-0: Foul Ball, location: 2F 0-1: Ball 1-1: Foul Ball, location: 2F 1-2: Fly out, F8 (Flyball, 78M, EV 84.4 MPH)
|
Batting: RHB Jose Nunez
|
0-0: Foul Ball, location: 2F 0-1: Ball 1-1: Ball 2-1: Ball 3-1: Base on Balls
|
Batting: RHB Sean Gould
|
0-0: Foul Ball, location: 2F 0-1: Ball 1-1: Ball 2-1: Ball Wild Pitch! Jose Nunez to second 3-1: Base on Balls
|
Batting: LHB Seung-jun Chang
|
0-0: Called Strike 0-1: Swinging Strike 0-2: Ball 1-2: Strikes out swinging
|
Bottom of the 4th over - 0 runs, 0 hits, 0 errors, 2 left on base; Tri-City 0 - Minnesota (NYP) 6 |
TOP OF THE 5TH |
Tri-City ValleyCats batting - Pitching for Minnesota (NYP) Twins : RHP Dean Huch
|
Batting: RHB Ramon Castellon
|
0-0: Called Strike 0-1: Swinging Strike 0-2: Strikes out swinging
|
Batting: RHB Evan Fry
|
0-0: Ball 1-0: SINGLE (Groundball, 4S, EV 66.3 MPH) (infield hit)
|
Batting: RHB Ruben Pujols
|
0-0: Ball Evan Fry steals 2nd base 1-0: Fly out, F9 (Line Drive, 89M, EV 93.1 MPH)
|
Batting: LHB Kyle Moore
|
0-0: Ball 1-0: Swinging Strike 1-1: Ball 2-1: Ball 3-1: Base on Balls
|
Batting: RHB Rob Baker
|
0-0: Fielders Choice at 2nd, 5-4 (Groundball, 5, EV 78.1 MPH)
|
Top of the 5th over - 0 runs, 1 hit, 0 errors, 2 left on base; Tri-City 0 - Minnesota (NYP) 6 |
BOTTOM OF THE 5TH |
Minnesota (NYP) Twins batting - Pitching for Tri-City ValleyCats : RHP Adam Behrens
|
Batting: RHB Tony Crespo
|
0-0: Ball 1-0: Ball 2-0: Called Strike 2-1: SINGLE (Line Drive, 4D, EV 106.9 MPH)
|
Batting: RHB Kelly Watson
|
0-0: Ball 1-0: Ball 2-0: Called Strike Tony Crespo steals 2nd base (no throw) 2-1: SINGLE (Groundball, 13S, EV 64.4 MPH) (infield hit) Tony Crespo to third
|
Batting: RHB Alex Loaiza
|
0-0: Hit by Pitch Kelly Watson to second
|
Batting: RHB Ruben Torres
|
0-0: Ball 1-0: Fly out, F8 (Flyball, 8RD, EV 94.4 MPH) Runner from 3rd tags up, SCORES, throw by CF
|
Pitching: RHP Jon Davis
|
|
Batting: LHB Chris Munguia
|
0-0: Ball 1-0: Ball 2-0: SINGLE (Groundball, P, EV 77.5 MPH) (infield hit) Kelly Watson to third Alex Loaiza to second
|
Batting: RHB Michael McDonald
|
0-0: Fielders Choice at 3rd, U5 (Groundball, 5L, EV 101.9 MPH) Kelly Watson scores Chris Munguia to second
|
Batting: RHB Jose Nunez
|
0-0: SINGLE (Groundball, 56D, EV 97.5 MPH) Chris Munguia to third Michael McDonald to second Runner from 3rd tries for Home, SAFE, throw by LF to home
|
Batting: RHB Sean Gould
|
0-0: 3-RUN HOME RUN (Flyball, 7D, EV 100.0 MPH), Distance : 382 ft
|
Batting: LHB Seung-jun Chang
|
0-0: Ball 1-0: Ball 2-0: Called Strike 2-1: Called Strike 2-2: Strikes out swinging
|
Bottom of the 5th over - 6 runs, 5 hits, 0 errors, 0 left on base; Tri-City 0 - Minnesota (NYP) 12 |
TOP OF THE 6TH |
Tri-City ValleyCats batting - Pitching for Minnesota (NYP) Twins : RHP Dean Huch
|
Pitching: RHP Matt Lundy
|
|
Batting: RHB Justin Olmstead
|
0-0: Ball 1-0: SINGLE (Groundball, 4MD, EV 106.9 MPH)
|
Batting: RHB Jorge Gutierrez
|
0-0: Called Strike 0-1: Foul Ball, location: 2F 0-2: DOUBLE (Flyball, 78XD, EV 115.0 MPH) Justin Olmstead to third
|
Batting: RHB Raul Sanchez
|
0-0: Called Strike 0-1: Foul Ball, location: 2F 0-2: SINGLE (Flyball, 7S, EV 86.9 MPH) Justin Olmstead scores Jorge Gutierrez to third
|
Batting: RHB Jordan Williams
|
0-0: Called Strike 0-1: Ball 1-1: Ball 2-1: Ball 3-1: Fielders Choice at 2nd, 3-6 (Groundball, 3D, EV 109.4 MPH) Jorge Gutierrez scores
|
Batting: RHB Ramon Castellon
|
0-0: Called Strike 0-1: Ball 1-1: Ball 2-1: Ball Jordan Williams steals 2nd base (no throw) 3-1: SINGLE (Groundball, 34D, EV 100.0 MPH) Jordan Williams to third Runner from 3rd tries for Home, SAFE, throw by RF to home
|
Batting: RHB Evan Fry
|
0-0: Called Strike 0-1: Foul Ball, location: 2F 0-2: Foul Ball, location: 2F 0-2: Ball 1-2: Strikes out swinging
|
Batting: RHB Ruben Pujols
|
0-0: Ball 1-0: Ball 2-0: Ball 3-0: Base on Balls Ramon Castellon to second
|
Batting: LHB Kyle Moore
|
0-0: SINGLE (Groundball, 34D, EV 110.6 MPH) Ramon Castellon to third Ruben Pujols to second Runner from 3rd tries for Home, SAFE, throw by RF to home Ruben Pujols to third Kyle Moore to second
|
Batting: RHB Rob Baker
|
0-0: Swinging Strike 0-1: Called Strike 0-2: Strikes out swinging
|
Top of the 6th over - 4 runs, 5 hits, 0 errors, 2 left on base; Tri-City 4 - Minnesota (NYP) 12 |
BOTTOM OF THE 6TH |
Minnesota (NYP) Twins batting - Pitching for Tri-City ValleyCats : RHP Jon Davis
|
Batting: RHB Tony Crespo
|
0-0: Ball 1-0: Ball 2-0: Ball 3-0: Base on Balls
|
Batting: RHB Kelly Watson
|
0-0: Ball 1-0: SINGLE (Flyball, 89S, EV 93.1 MPH) Tony Crespo to second
|
Batting: RHB Alex Loaiza
|
0-0: Foul Ball, location: 2F 0-1: Called Strike 0-2: Strikes out looking
|
Pitching: RHP Justin Coney
|
|
Batting: RHB Ruben Torres
|
0-0: Ball 1-0: Ball 2-0: Ball 3-0: Base on Balls Tony Crespo to third Kelly Watson to second
|
Batting: LHB Chris Munguia
|
0-0: Swinging Strike 0-1: Ball 1-1: Ball 2-1: Ball 3-1: Base on Balls Tony Crespo scores Kelly Watson to third Ruben Torres to second
|
Batting: RHB Michael McDonald
|
0-0: Fielders Choice at 2nd, 4-6 (Groundball, 4M, EV 111.3 MPH) Kelly Watson scores Ruben Torres to third
|
Batting: RHB Jose Nunez
|
0-0: Ball 1-0: Fielders Choice at 2nd, U4 (Groundball, 4M, EV 101.3 MPH)
|
Bottom of the 6th over - 2 runs, 1 hit, 0 errors, 2 left on base; Tri-City 4 - Minnesota (NYP) 14 |
TOP OF THE 7TH |
Tri-City ValleyCats batting - Pitching for Minnesota (NYP) Twins : RHP Matt Lundy
|
Pitching: LHP Brian Zick
|
|
Batting: RHB Justin Olmstead
|
0-0: Ball 1-0: Ball 2-0: Ball 3-0: Base on Balls
|
Batting: RHB Jorge Gutierrez
|
0-0: Called Strike 0-1: Ball 1-1: Ball Justin Olmstead steals 2nd base 2-1: Ground out 1-3 (Groundball, 34S, EV 65.6 MPH) Justin Olmstead to third
|
Batting: RHB Raul Sanchez
|
0-0: Ground out 6-3 (Groundball, 6, EV 86.3 MPH) Justin Olmstead scores
|
Batting: RHB Jordan Williams
|
0-0: Called Strike 0-1: Ground out 6-3 (Groundball, 6, EV 106.3 MPH)
|
Top of the 7th over - 1 run, 0 hits, 0 errors, 0 left on base; Tri-City 5 - Minnesota (NYP) 14 |
BOTTOM OF THE 7TH |
Minnesota (NYP) Twins batting - Pitching for Tri-City ValleyCats : RHP Justin Coney
|
Pinch Hitting: RHB Ben Berger
|
0-0: Ball 1-0: Hit by Pitch
|
Batting: LHB Seung-jun Chang
|
0-0: Foul Ball, location: 2F 0-1: Ball 1-1: Foul Ball, location: 2F 1-2: Foul Ball, location: 2F 1-2: Ball 2-2: Fielders Choice at 2nd, 3-6 (Groundball, 3, EV 85.6 MPH)
|
Batting: RHB Tony Crespo
|
0-0: Called Strike 0-1: Called Strike 0-2: Foul Ball, location: 2F 0-2: Ball 1-2: Strikes out swinging
|
Pinch Hitting: RHB Abdul-Qahhar Wasim
|
0-0: Ball 1-0: Ball 2-0: Ball 3-0: Foul Ball, location: 2F 3-1: Foul Ball, location: 2F 3-2: Foul Ball, location: 2F 3-2: Strikes out swinging
|
Bottom of the 7th over - 0 runs, 0 hits, 0 errors, 1 left on base; Tri-City 5 - Minnesota (NYP) 14 |
TOP OF THE 8TH |
Tri-City ValleyCats batting - Pitching for Minnesota (NYP) Twins : LHP Brian Zick
|
Now at 1B: Abdul-Qahhar Wasim
|
|
Now at 2B: Ben Berger
|
|
Batting: RHB Ramon Castellon
|
0-0: SOLO HOME RUN (Flyball, 9LD, EV 88.8 MPH), Distance : 338 ft
|
Batting: RHB Evan Fry
|
0-0: Ball 1-0: Ground out U3 (Groundball, 13, EV 83.8 MPH)
|
Batting: RHB Ruben Pujols
|
0-0: Called Strike 0-1: Ball 1-1: Foul Ball, location: 2F 1-2: Fly out, F8 (Flyball, 8LM, EV 85.6 MPH)
|
Batting: LHB Kyle Moore
|
0-0: Called Strike 0-1: Called Strike 0-2: Foul Ball, location: 2F 0-2: Reached on error, E3 (Groundball, 3, EV 91.9 MPH)
|
Batting: RHB Rob Baker
|
0-0: Fly out, F9 (Flyball, 9S, EV 91.9 MPH)
|
Top of the 8th over - 1 run, 1 hit, 1 error, 1 left on base; Tri-City 6 - Minnesota (NYP) 14 |
BOTTOM OF THE 8TH |
Minnesota (NYP) Twins batting - Pitching for Tri-City ValleyCats : RHP Justin Coney
|
Batting: RHB Alex Loaiza
|
0-0: SINGLE (Flyball, 89S, EV 88.8 MPH)
|
Batting: RHB Ruben Torres
|
0-0: Fielders Choice at 2nd, 1-6 (Groundball, 13S, EV 68.1 MPH)
|
Batting: LHB Chris Munguia
|
0-0: Ball Wild Pitch! Ruben Torres to second 1-0: Ball 2-0: Ball 3-0: Called Strike 3-1: Fly out, F6 (Popup, P, EV 76.9 MPH)
|
Batting: RHB Michael McDonald
|
0-0: Ball 1-0: Called Strike 1-1: Ball 2-1: Foul Ball, location: 2F 2-2: Ball 3-2: Base on Balls
|
Batting: RHB Jose Nunez
|
0-0: Called Strike 0-1: Foul Ball, location: 2F 0-2: Ball 1-2: Ball 2-2: Ball Wild Pitch! Ruben Torres to third Michael McDonald to second 3-2: Strikes out swinging
|
Bottom of the 8th over - 0 runs, 1 hit, 0 errors, 2 left on base; Tri-City 6 - Minnesota (NYP) 14 |
TOP OF THE 9TH |
Tri-City ValleyCats batting - Pitching for Minnesota (NYP) Twins : LHP Brian Zick
|
Batting: RHB Justin Olmstead
|
0-0: Ball 1-0: Foul Ball, location: 2F 1-1: Swinging Strike 1-2: Ball 2-2: Strikes out swinging
|
Batting: RHB Jorge Gutierrez
|
0-0: DOUBLE (Flyball, 78XD, EV 115.0 MPH)
|
Batting: RHB Raul Sanchez
|
0-0: Ball 1-0: Called Strike 1-1: SINGLE (Line Drive, 78S, EV 107.5 MPH) Jorge Gutierrez to third
|
Batting: RHB Jordan Williams
|
0-0: Ball 1-0: Ball 2-0: Ball 3-0: Called Strike 3-1: Foul Ball, location: 2F 3-2: Grounds into double play, 4-6-3 (Groundball, 34, EV 92.5 MPH)
|
Top of the 9th over - 0 runs, 2 hits, 0 errors, 1 left on base; Tri-City 6 - Minnesota (NYP) 14 |
|